 Dungeon Crawl Stone Soup version 0.31-a0-157-g0643eb4156 (webtiles) character file.

Game seed: 635951087209388172

128 qw the Shooter (level 5, -1/32 HPs)
             Began as a Gargoyle Hunter on June 12, 2023.
             Slain by an orc wizard
             ... wielding a +0 dagger
              (3 damage)
             ... on level 3 of the Dungeon.
             The game lasted 00:00:47 (1946 turns).

qw the Shooter (Gargoyle Hunter)                    Turns: 1946, Time: 00:00:47

Health: -1/32      AC: 11    Str: 15    XL:     5   Next: 12%
Magic:  5/5        EV: 16    Int:  9    God:
Gold:   94         SH:  0    Dex: 15    Spells: 4/4 levels left

rFire   . . .        Y - +0 shortbow
rCold   . . .        (shield currently unavailable)
rNeg    + . .        e - +0 ring mail
rPois   inf          h - +1 helmet
rElec   +            (no cloak)
rCorr   .            (no gloves)
SInv    .            (no boots)
Will    .....        (no amulet) Stlth
                     i - +5 ring of evasion
HPRegen 0.25/turn    (no ring)
MPRegen 0.09/turn

%: no passive effects
@: confused
A: sickness immunity, AC +4, negative energy resistance 1, electricity
resistance, torment resistance 1, petrification resistance
a: no special abilities


You were on level 3 of the Dungeon.
You visited 1 branch of the dungeon, and saw 3 of its levels.

You collected 94 gold pieces.


Innate Abilities, Weirdness & Mutations

You are immune to sickness and miasma.
Your stone body is resilient. (AC +4)
You are immune to poison.
You resist negative energy. (rN+)
You are resistant to electric shocks. (rElec)
You are resistant to unholy torment.
You are immune to petrification.


   Skills:
 - Level 3.1 Fighting
 + Level 5.7 Ranged Weapons
 - Level 1.2 Armour
 - Level 1.5 Dodging
 - Level 1.1 Stealth


You had 4 spell levels left.
You didn't know any spells.
Your spell library was empty.

Inventory:

Hand Weapons
 Y - a +0 shortbow (weapon)
Armour
 e - a +0 ring mail (worn)
 h - a +1 helmet (worn)
Jewellery
 i - a +5 ring of evasion (left hand)
Scrolls
 f - a scroll of magic mapping {unknown}
 g - a scroll of amnesia {unknown}
Potions
 a - a potion of cancellation {unknown}
 b - a potion of lignification {unknown}
 c - a potion of haste {unknown}
 d - a potion of mutation {unknown}

Dungeon Overview and Level Annotations

Branches:
Dungeon (3/15)

Altars:


Message History

Something closely misses you.
You shoot an arrow. Something hits you but does no damage. Something hits you.
You shoot an arrow.
Something hits you but does no damage. x2
You shoot an arrow.
An orc wizard appears from thin air!
Reactivating autopickup.
The orc wizard closely misses you. Something hits you but does no damage.
Deactivating autopickup; reactivate with Ctrl-A.
The orc wizard hits you with a +0 dagger.
Something hits you but does no damage.
The orc wizard hits you with a +0 dagger.
Something hits you but does no damage.
The orc wizard hits you with a +0 dagger.
Something hits you but does no damage. The orc wizard completely misses you.
You hear some strange, mumbled words.
You are more confused.
The orc wizard closely misses you. Something hits you but does no damage.
The orc wizard gestures at you while chanting.
You resist with some effort. Something hits you.
The orc wizard hits you but does no damage.
Something hits you but does no damage. The orc wizard casts a spell at you.
You resist with some effort.
You hear some strange, mumbled words.
A puff of flame appears from out of thin air!
The puff of flame hits you! The orc wizard closely misses you.
Something hits you but does no damage.
The orc wizard gestures at you while chanting.
You resist with some effort. Something hits you but does no damage.
The orc wizard hits you but does no damage.
Something hits you but does no damage. The orc wizard closely misses you.
You hear some strange, mumbled words.
You are more confused.
The orc wizard casts a spell.
The orc wizard flickers and vanishes!
Something hits you.
You die...

#.# ... #.#
....###### #.#
.........###.#
#[........##.#
###. #........#
.......##..####
#.######..#
#{@.......#
#{).......#
#.######### #.
#. #> .. ..


There were no monsters in sight!

Vanquished Creatures
  Jessica (D:2)
  An orc wizard (D:3)
  Robin (D:2)
  3 adders
  A worm (D:2)
  An orc (D:3)
  A bat (D:1)
  4 endoplasms
  A giant cockroach (D:2)
  7 goblins
  5 hobgoblins
  5 kobolds
  A quokka (D:1)
  A ball python (D:2)
  2 frilled lizards (D:1)
  2 rats (D:1)
37 creatures vanquished.

Notes
Turn   | Place    | Note
-------+----------+-------------------------------------------
     0 | D:1      | qw the Gargoyle Hunter began the quest for the Orb.
     0 | D:1      | Reached XP level 1. HP: 12/12 MP: 1/1
     0 | D:1      | 0 ||| qw: Version: 0.2-a-29-gc1b59c4
     0 | D:1      | 0 ||| qw: Game counter: 4155
     0 | D:1      | 0 ||| qw: Always use a shield: true
     0 | D:1      | 0 ||| qw: God list: Okawaru
     0 | D:1      | 0 ||| qw: Allow faded altars: false
     0 | D:1      | 0 ||| qw: Do Orc after D:15 true
     0 | D:1      | 0 ||| qw: Do second Lair branch before Depths: true
     0 | D:1      | 0 ||| qw: Lair rune preference: random
     0 | D:1      | 0 ||| qw: Plans: Normal, Zot:1-4, Slime:5, God:TSO, Crypt,
                  | Tomb, Abyss, Pan, Hells, Win
     0 | D:1      | 0 ||| PLANNING D:1-11
   138 | D:1      | Reached XP level 2. HP: 17/17 MP: 2/2
   575 | D:1      | Found a faded altar of an unknown god.
   615 | D:1      | 615 ||| UPGRADING to +0 ring mail.
   625 | D:1      | 625 ||| DROPPING +0 leather armour.
   626 | D:1      | 626 ||| READING scroll labelled YFIETU WECIGH.
   627 | D:1      | 627 ||| DROPPING scroll of butterflies.
   736 | D:2      | Reached skill level 1 in Armour
   842 | D:2      | Reached XP level 3. HP: 15/21 MP: 3/3
   867 | D:2      | Noticed Jessica
   878 | D:2      | Killed Jessica
   879 | D:2      | Reached skill level 5 in Ranged Weapons
   879 | D:2      | Reached XP level 4. HP: 9/26 MP: 4/4
   879 | D:2      | HP: 5/26 [hobgoblin (4)]
   885 | D:2      | HP: 2/26 [hobgoblin (4)]
  1132 | D:2      | Noticed Robin
  1141 | D:2      | Killed Robin
  1497 | D:2      | Reached skill level 3 in Fighting
  1693 | D:2      | 1693 ||| UPGRADING to +1 helmet.
  1698 | D:2      | 1698 ||| UPGRADING to +5 ring of evasion.
  1699 | D:2      | 1699 ||| READING scroll labelled DYPIPA VEMIERPH.
  1700 | D:2      | 1700 ||| READING scroll labelled AROUM OBEA.
  1701 | D:2      | 1701 ||| DRINKING 3 brown potions.
  1702 | D:2      | 1702 ||| DROPPING 2 potions of enlightenment.
  1920 | D:3      | Reached XP level 5. HP: 18/32 MP: 5/5
  1939 | D:3      | HP: 7/32 [something (3)]
  1941 | D:3      | HP: 1/32 [something/puff of flame (7)]
  1946 | D:3      | Slain by an orc wizard

Levels and vault maps discovered:
D:1:      wander_arrival_fairy_ring, layout_basic,
          hellmonk_ecumenical_altar_lost_god
D:2:      layout_basic, minmay_misc_feat_iff, hex_medium, uniq_jessica,
          uniq_robin
D:3:      layout_loops_corners, grunt_temple_overflow_open, serial_shops, shop

Skill      XL: |  1  2  3  4 |
---------------+-------------+-----
Armour         | 1 |  1.2
Ranged Weapons | 5 |  5.7
Fighting       | 3 |  3.1
Dodging        | |  1.5
Stealth        | |  1.1

Action                     |  1- 3 |  4- 6 || total
---------------------------+-------+-------++-------
   Fire: Shortbow          |    81 |    87 ||   168
    Use: Scroll            |     1 |     2 ||     3
         Potion            |       |     1 ||     1
 Armour: Ring mail         |    13 |    70 ||    83
         Leather armour    |     2 |       ||     2
  Dodge: Dodged            |    20 |    39 ||    59

Table legend:
 A = Non-vault XP
 B = Vault XP
 C = Vault XP percentage of total XP
 D = Non-vault monster count
 E = Vault monster count
 F = Vault count percentage of total count
                 A         B        C        D         E       F
            +---------+---------+-------+---------+---------+-------
      Total |     121 |      63 |  34.2 |      29 |       8 |  21.6
            +---------+---------+-------+---------+---------+-------
        D:1 |      19 |       0 |   0.0 |      12 |       0 |   0.0
        D:2 |      50 |      63 |  55.8 |      13 |       8 |  38.1
        D:3 |      52 |       0 |   0.0 |       4 |       0 |   0.0
            +---------+---------+-------+---------+---------+-------
